 Dungeon Crawl Stone Soup version 0.19.4-10-g532645f (webtiles) character file.

53237 sankara the Martial Artist (level 14, -3/125 HPs)
             Began as a Green Draconian Transmuter on Feb 21, 2017.
             Was the Champion of Ru.
             Slain by a death yak (25 damage)
             ... on level 6 of the Lair of Beasts on Feb 24, 2017.
             The game lasted 01:54:38 (21411 turns).

sankara the Martial Artist (DrTm)                  Turns: 21411, Time: 01:54:39

Health: -3/125     AC: 19    Str: 19    XL:     14   Next: 30%
Magic:  25/25      EV: 16    Int: 18    God:    Ru [******]
Gold:   1250       SH:  0    Dex: 15    Spells: 4 memorised, 17 levels left

rFire  . . .     SeeInvis .       - Unarmed
rCold  . . .     Gourm    .     (armour unavailable)
rNeg   . . .     Faith    .     (no shield)
rPois  +         Spirit   .     K - +2 hat
rElec  .         Reflect  .     N - +2 cloak
rCorr  .         Harm     .     m - +0 pair of gloves
MR     +....                    x - +1 pair of boots
Stlth  ..........               v - amulet of regeneration
                                B - +4 ring of intelligence
                                r - +3 ring of protection

@: mighty, about to teleport, no scrolls
A: breathe noxious fumes, unfitting armour, stinger 1, poison resistance,
screaming 1, cold-blooded, inability to read while threatened, no stealth, no
charms magic, no fire magic, no necromancy magic, unskilled 1, inexperienced 1,
AC +8
a: Breathe Noxious Fumes, Draw Out Power, Power Leap, Apocalypse, Renounce
Religion


You were on level 6 of the Lair of Beasts.
You worshipped Ru.
Ru was exalted by your worship.
You were hungry.

You visited 3 branches of the dungeon, and saw 19 of its levels.
You visited the Abyss 1 time.

You collected 1250 gold pieces.

Inventory:

Missiles
 a - 346 arrows
Armour
 m - a +0 pair of gloves (worn)
 x - a +1 pair of boots (worn)
 K - a +2 hat (worn)
 N - a +2 cloak (worn)
Jewellery
 d - an uncursed ring of protection from cold
 f - an uncursed ring of flight
 r - a +3 ring of protection (left hand)
 v - an amulet of regeneration (around neck)
 A - an uncursed ring of see invisible
 B - a +4 ring of intelligence (right hand)
 S - an uncursed ring of protection from fire
 W - a +2 ring of slaying
 X - a +4 ring of intelligence
Wands
 w - a wand of slowing (25/48)
 y - a wand of slowing (19/48)
 C - a wand of acid (7/15)
 H - a wand of lightning (1/15)
 J - a wand of lightning (8/15)
 Q - a wand of iceblast (3/15)
 Y - a wand of slowing (24/48)
 Z - a wand of acid (10/15)
Scrolls
 i - 9 scrolls of remove curse
 j - 9 scrolls of identify
 k - 3 scrolls of magic mapping
 p - 2 scrolls of amnesia
 q - 4 scrolls of teleportation
 s - a scroll of enchant armour
 u - 3 scrolls of fog
 z - a scroll of blinking
 D - 3 scrolls of recharging
 F - a scroll of fear
Potions
 g - 3 potions of curing
 G - 2 potions of might
 M - a potion of agility
 P - a potion of flight
 R - a potion of brilliance
 U - 3 potions of cure mutation
Books
 b - a book of Changes

   Spells                             Type                      Level
   a - Beastly Appendage              Transmutation                1
   b - Sticks to Snakes               Transmutation                2
   c - Spider Form                    Transmutation/Poison         3
   d - Ice Form                       Ice/Transmutation            4
   e - Blade Hands                    Transmutation                5
 e - a Young Poisoner's Handbook

   Spells                             Type                      Level
   a - Sting                          Conjuration/Poison           1
   b - Mephitic Cloud                 Conjuration/Poison/Air       3
   c - Olgreb's Toxic Radiance        Poison                       4
   d - Alistair's Intoxication        Transmutation/Poison         5
   e - Venom Bolt                     Conjuration/Poison           5
 o - a book of Geomancy

   Spells                             Type                      Level
   a - Sandblast                      Earth                        1
   b - Passwall                       Transmutation/Earth          2
   c - Stone Arrow                    Conjuration/Earth            3
   d - Petrify                        Transmutation/Earth          4
   e - Lee's Rapid Deconstruction     Earth                        5
 E - a book of Enchantments

   Spells                             Type                      Level
   a - Cause Fear                     Hexes                        4
   b - Yara's Violent Unravelling     Hexes/Transmutation          5
   c - Silence                        Hexes/Air                    5
   d - Deflect Missiles               Charms/Air                   6
   e - Discord                        Hexes                        8
 L - a book of Callings

   Spells                             Type                      Level
   a - Summon Small Mammal            Summoning                    1
   b - Call Imp                       Summoning                    2
   c - Call Canine Familiar           Summoning                    3
   d - Summon Guardian Golem          Hexes/Summoning              3
   e - Summon Lightning Spire         Summoning/Air                4
   f - Summon Ice Beast               Ice/Summoning                4
 T - a book of Conjurations

   Spells                             Type                      Level
   a - Magic Dart                     Conjuration                  1
   b - Searing Ray                    Conjuration                  2
   c - Dazzling Spray                 Conjuration/Hexes            3
   d - Fulminant Prism                Conjuration/Hexes            4
   e - Iskenderun's Mystic Blast      Conjuration                  4
   f - Iskenderun's Battlesphere      Conjuration/Charms           5
Comestibles
 c - 14 bread rations
 h - 10 meat rations
 l - 18 fruits
 n - 5 beef jerkies
 t - 2 royal jellies
 I - 8 slices of pizza
 V - 10 chunks of flesh


   Skills:
 + Level 11.7 Fighting
 + Level 6.7 Dodging
 + Level 13.3 Unarmed Combat
 + Level 7.7 Spellcasting
 + Level 11.9 Transmutations


You had 17 spell levels left.
You knew the following spells:

 Your Spells              Type           Power        Failure   Level  Hunger
a - Beastly Appendage     Tmut           ######       1%          1    None
b - Sticks to Snakes      Tmut           ######..     1%          2    None
c - Spider Form           Tmut/Pois      ####......   2%          3    #......
d - Blade Hands           Tmut           ######....   2%          5    #####..


Dungeon Overview and Level Annotations

Branches:
Dungeon (12/15)            Temple (1/1) D:4            Lair (6/6) D:8
  Swamp (0/4) Lair:2        Snake (0/4) Lair:2        Slime (0/5) Lair:5
    Orc (0/2) D:12

Altars:
Ashenzari
Cheibriados
Dithmenos
Elyvilon
Fedhas
Gozag
Hepliaklqana
Kikubaaqudgha
Makhleb
Nemelex Xobeh
Okawaru
Qazlal
Ru
Sif Muna
Trog
Uskayaw
Vehumet
Xom
Yredelemnul
Zin
The Shining One

Shops:
D:4 (   D:9 *

Annotations:
D:4 galech's ghost, amateur TrMo
D:5 tof's ghost, amateur DDNe


Innate Abilities, Weirdness & Mutations

You can breathe blasts of noxious fumes.
Your lurid green scales are hard. (AC +8)
You cannot fit into any form of body armour.
Your tail ends in a poisonous barb.
Your system is resistant to poisons. (rPois)
You occasionally shout uncontrollably at your foes.
You are cold-blooded and may be slowed by cold attacks.
You cannot read scrolls while threatened.
You cannot be stealthy.
You cannot study or cast Charms magic.
You cannot study or cast Fire magic.
You cannot study or cast Necromancy magic.
You are somewhat unskilled. (-1 Apt)
You are somewhat inexperienced. (-2 XL)


Message History

The yak gores the plant but does no damage.
The death yak gores you!
* * * LOW HITPOINT WARNING * * *
You focus your will and slow the death yak in retribution!
The yak gores the plant!
The plant is destroyed!
The death yak is no longer moving slowly.
You can read scrolls again.
Your magical contamination has completely faded away.
Some of the chunks of flesh in your inventory have rotted away.
Found 26 gold pieces and a shield.
Casting: Blade Hands
Confirm with . or Enter, or press ? or * to list all spells.
Okay, then.
Unknown command.
Okay, then.
As you read the scroll of teleportation, it crumbles to dust.
You feel strangely unstable. The death yak gores you!!
You feel threatened and lose the ability to read scrolls!
You die...

♣♣♣≈≈P ♣♣♣ [.#
#≈≈≈≈♣♣♣≈≈ #..
#####........#
$..###..##..........
...................
#.......P....#†)...
.......♣..♣.......
#..♣≈≈P≈≈.≈÷÷.....
##@P≈≈.≈≈.≈≈.......
#.Y.≈≈≈≈≈≈≈.≈.P..##
#..♣≈PY≈≈≈≈≈≈≈PP.##
#...PY≈.≈≈≈≈....P..
#P....Y≈.≈.≈≈P#P...
##.....P...P.....P#
##.##....P......##
####.##.#....###.
######....####..


You could see 2 death yaks and 2 yaks.

Vanquished Creatures
  Rupert (Lair:5)
  Gastronok (D:12)
  An azure jelly (Lair:5)
  The ghost of JNO the Spear-Bearer, a journeyman HuFi of the Shining One (D:10)
  A catoblepas (Lair:6)
  6 hydras
  2 centaur warriors
  A deep troll shaman (Lair:6)
  A queen ant (Lair:3)
  12 death yaks
  2 unseen horrors (D:12)
  6 hill giants
  A necromancer (Lair:2)
  A deep elf mage (D:12)
  An oklob plant (Lair:5)
  A manticore (D:12)
  10 elephants
  Psyche (D:9)
  4 black mambas
  8 spiny frogs
  5 rime drakes
  4 komodo dragons
  2 polar bears
  A hornet (D:11)
  10 blink frogs
  A troll (D:11)
  A two-headed ogre (D:12)
  8 hippogriffs
  2 dream sheep (D:9)
  2 basilisks (Lair:2)
  2 wraiths
  3 wyverns
  A vampire (D:9)
  11 yaks
  2 hungry ghosts
  4 nagas (Lair:2)
  11 water moccasins
  20 soldier ants (Lair:3)
  3 porcupines
  An orc warrior (D:8)
  2 hornet zombies
  A phantom (D:6)
  5 sky beasts
  3 ice beasts
  A necrophage (D:9)
  5 centaurs
  7 ogres
  28 wolves
  7 crocodiles
  4 big kobolds
  22 bullfrogs
  3 scorpions
  11 killer bees
  4 electric eels
  A howler monkey (D:5)
  5 crimson imps
  3 bullfrog zombies
  2 centaur zombies
  6 jellies
  4 orc priests
  6 hounds
  A bullfrog skeleton (D:5)
  7 orc wizards
  2 iguanas
  4 hell rats (Lair:6)
  A yak simulacrum (Lair:2)
  4 wolf simulacra (Lair:2)
  33 worker ants
  5 polar bear simulacra (Lair:2)
  A hound skeleton (D:4)
  A howler monkey zombie (D:7)
  3 worker ant zombies
  10 gnolls
  A howler monkey skeleton (D:10)
  9 adders
  3 shadow imps
  6 oozes
  An adder zombie (D:9)
  2 adder skeletons
  A worm (D:2)
  4 dart slugs
  7 leopard geckos
  35 orcs
  9 bats
  5 giant cockroaches
  5 goblins
  5 hobgoblins
  27 jackals
  7 quokkas
  2 ball pythons (D:3)
  8 frilled lizards
  15 kobolds
  5 rats
  A river rat simulacrum (Lair:2)
516 creatures vanquished.

Vanquished Creatures (collateral kills)
  A hydra (D:9)
  A hungry ghost (D:3)
2 creatures vanquished.

Vanquished Creatures (others)
  A blink frog (Lair:1)
  A hippogriff (Lair:6)
  A centaur (D:8)
  A bullfrog (Lair:1)
  A giant cockroach (D:7)
  A jackal (D:6)
  20 fungi
  9 plants
35 creatures vanquished.

Grand Total: 553 creatures vanquished

Notes
Turn   | Place    | Note
-------+----------+-------------------------------------------
     0 | D:1      | sankara the Draconian Transmuter began the quest for the Orb.
     0 | D:1      | Reached XP level 1. HP: 16/16 MP: 3/3
   638 | D:1      | Reached XP level 2. HP: 23/23 MP: 3/5
  1030 | D:1      | Reached XP level 3. HP: 12/29 MP: 4/6
  1433 | D:2      | Reached skill level 4 in Unarmed Combat
  1952 | D:2      | Reached XP level 4. HP: 32/36 MP: 4/7
  1956 | D:2      | Learned a level 2 spell: Sticks to Snakes
  1960 | D:2      | Learned a level 3 spell: Spider Form
  1997 | D:2      | Found a basalt altar of Yredelemnul.
  1997 | D:2      | Found a bloodstained altar of Trog.
  2002 | D:2      | Found a blossoming altar of Fedhas.
  2005 | D:2      | Found a faded altar of an unknown god.
  2012 | D:2      | Found a faded altar of an unknown god.
  3063 | D:4      | Noticed a bullfrog
  3064 | D:4      | Noticed a hungry ghost
  3114 | D:3      | Paralysed by fainting for 12 turns
  3125 | D:3      | Killed a hungry ghost
  3125 | D:3      | Reached skill level 5 in Unarmed Combat
  3125 | D:3      | Reached XP level 5. HP: 39/44 MP: 6/8
  3136 | D:4      | Reached XP level 6. HP: 35/51 MP: 4/9
  3145 | D:4      | Found a staircase to the Ecumenical Temple.
  3164 | Temple   | Entered the Ecumenical Temple
  3489 | Temple   | Became a worshipper of Ru the Awakened
  3624 | D:4      | Noticed galech's ghost (amateur TrMo)
  3640 | D:4      | HP: 1/51 [galech's ghost (14)]
  3978 | D:4      | HP: 2/51 [gnoll/spear (7)]
  4255 | D:4      | Found a deep blue altar of Sif Muna.
  4303 | D:4      | Found a burning altar of Makhleb.
  4540 | D:4      | Found Cueps's Antique Weapon Shop.
  4573 | D:4      | Found a hazy altar of Hepliaklqana.
  4721 | D:5      | Entered Level 5 of the Dungeon
  4773 | D:5      | Reached skill level 6 in Unarmed Combat
  4773 | D:5      | Your scales start taking on a lurid green colour.
  4773 | D:5      | Reached XP level 7. HP: 43/58 MP: 10/10
  4773 | D:5      | Gained mutation: Your system is resistant to poisons. (rPois) [Green Draconian growth]
  5171 | D:5      | Noticed tof's ghost (amateur DDNe)
  5504 | D:5      | Gained mutation: You are somewhat inexperienced. (-2 XL) [Ru sacrifice]
  5504 | D:5      | Reached XP level 6. HP: 52/52 MP: 9/9
  5504 | D:5      | Reached XP level 5. HP: 46/46 MP: 8/8
  5504 | D:5      | Reached * piety under Ru
  5561 | D:5      | Reached skill level 5 in Transmutations
  5569 | D:5      | Reached XP level 6. HP: 30/52 MP: 9/9
  5601 | D:5      | Reached skill level 7 in Unarmed Combat
  5934 | D:6      | Reached XP level 7. HP: 59/60 MP: 10/10
  6032 | D:6      | Reached skill level 5 in Fighting
  6172 | D:6      | Found a stormy altar of Qazlal.
  6761 | D:6      | Reached skill level 8 in Unarmed Combat
  6850 | D:6      | Reached XP level 8. HP: 26/70 MP: 11/11
  7308 | D:7      | Found a shattered altar of Ashenzari.
  7465 | D:7      | Reached skill level 9 in Unarmed Combat
  7610 | D:7      | Gained mutation: You occasionally shout uncontrollably at your foes. [Ru sacrifice]
  7610 | D:7      | Reached ** piety under Ru
  7822 | D:6      | Paralysed by fainting for 6 turns
  8309 | D:8      | Reached XP level 9. HP: 72/78 MP: 12/12
  8344 | D:8      | Found a snail-covered altar of Cheibriados.
  8347 | D:8      | Found a hide-covered altar of Uskayaw.
  8360 | D:8      | Learned a level 5 spell: Blade Hands
  8762 | D:8      | Found a staircase to the Lair.
  8779 | D:8      | Reached skill level 10 in Unarmed Combat
  8846 | D:8      | Found a sparkling altar of Nemelex Xobeh.
  8916 | D:8      | Found a shimmering altar of Xom.
  9050 | Lair:1   | Entered Level 1 of the Lair of Beasts
  9100 | Lair:1   | Noticed a five-headed hydra
  9112 | Lair:1   | Killed a five-headed hydra
  9175 | Lair:1   | Noticed a spiny frog
  9179 | Lair:1   | Killed a spiny frog
  9179 | Lair:1   | Reached XP level 10. HP: 79/90 MP: 7/13
  9345 | Lair:1   | Noticed a spiny frog
  9356 | Lair:1   | Killed a spiny frog
  9456 | Lair:1   | Noticed a four-headed hydra
  9518 | Lair:1   | Noticed a spiny frog
  9527 | Lair:1   | Killed a spiny frog
  9725 | Lair:1   | Gained mutation: You cannot be stealthy. [Ru sacrifice]
  9725 | Lair:1   | Reached *** piety under Ru
  9751 | Lair:1   | Reached skill level 11 in Unarmed Combat
 10279 | Lair:2   | Noticed a five-headed hydra
 10540 | D:9      | Noticed Psyche
 10646 | D:9      | Found a white marble altar of Elyvilon.
 10784 | D:9      | Cast into level 1 of the Abyss (Psyche)
 10792 | Abyss:1  | Found a corrupted altar of Lugonu.
 10835 | D:9      | Escaped the Abyss
 10841 | D:9      | Killed Psyche
 10857 | D:9      | Found Fedam's Serpentskin Sales.
 11041 | D:9      | Upgraded the game from 0.19.4-9-g45fd643 to 0.19.4-10-g532645f
 11324 | D:9      | Reached skill level 10 in Fighting
 11358 | D:9      | Noticed a three-headed hydra
 11589 | D:8      | Reached XP level 11. HP: 79/99 MP: 6/14
 12134 | D:9      | Killed a three-headed hydra
 12163 | D:10     | Entered Level 10 of the Dungeon
 12185 | D:10     | Gained mutation: You cannot read scrolls while threatened. [Ru sacrifice]
 12185 | D:10     | Reached **** piety under Ru
 12209 | D:10     | Noticed JNO's ghost (journeyman HuFi)
 12238 | D:10     | Killed JNO's ghost
 12430 | D:10     | Noticed a centaur warrior
 12441 | D:10     | Killed a centaur warrior
 12441 | D:10     | Reached skill level 10 in Transmutations
 12796 | D:10     | Noticed a hill giant
 12806 | D:10     | Killed a hill giant
 12872 | D:10     | Noticed a hill giant
 12876 | D:10     | Noticed a hill giant
 12924 | D:9      | Killed a hill giant
 13073 | D:10     | Killed a hill giant
 13073 | D:10     | Reached skill level 12 in Unarmed Combat
 13644 | D:11     | Noticed a hill giant
 13653 | D:11     | Killed a hill giant
 13759 | D:11     | Noticed a hill giant
 13765 | D:11     | Killed a hill giant
 14333 | D:12     | Killed an unseen horror
 14408 | D:12     | Gained mutation: You cannot study or cast Fire magic. [Ru sacrifice]
 14408 | D:12     | Gained mutation: You cannot study or cast Necromancy magic. [Ru sacrifice]
 14408 | D:12     | Gained mutation: You cannot study or cast Charms magic. [Ru sacrifice]
 14408 | D:12     | Reached ***** piety under Ru
 14482 | D:12     | Noticed a hill giant
 14490 | D:12     | Killed a hill giant
 14612 | D:12     | Killed an unseen horror
 14677 | D:12     | Noticed Gastronok
 14690 | D:12     | Killed Gastronok
 14690 | D:12     | Reached XP level 12. HP: 77/110 MP: 11/19
 14816 | D:12     | Found a staircase to the Orcish Mines.
 14987 | D:12     | Reached skill level 5 in Spellcasting
 14996 | D:12     | Noticed a centaur warrior
 15009 | D:12     | Killed a centaur warrior
 15094 | D:12     | Noticed an ettin
 15603 | Lair:1   | Killed a five-headed hydra
 15691 | Lair:2   | Killed a four-headed hydra
 15927 | Lair:2   | Found a staircase to the Swamp.
 16494 | Lair:2   | Found a staircase to the Snake Pit.
 16705 | Lair:2   | Reached skill level 13 in Unarmed Combat
 17006 | Lair:3   | Reached skill level 5 in Dodging
 17021 | Lair:3   | Gained mutation: You are somewhat unskilled. (-1 Apt) [Ru sacrifice]
 17021 | Lair:3   | Reduced skill Fighting to level 10
 17021 | Lair:3   | Reduced skill Unarmed Combat to level 12
 17021 | Lair:3   | Reduced skill Spellcasting to level 5
 17021 | Lair:3   | Reduced skill Transmutations to level 10
 17021 | Lair:3   | Reached ****** piety under Ru
 17260 | Lair:3   | Noticed a four-headed hydra
 17448 | Lair:3   | Killed a four-headed hydra
 17744 | Lair:3   | Reached XP level 13. HP: 114/114 MP: 21/21
 17815 | Lair:3   | Reached skill level 5 in Dodging
 19929 | Lair:5   | Noticed an azure jelly
 20109 | Lair:5   | Found a staircase to the Slime Pits.
 20299 | Lair:5   | Noticed Rupert
 20327 | Lair:5   | Killed Rupert
 20327 | Lair:5   | Reached skill level 13 in Unarmed Combat
 20568 | Lair:5   | Killed an azure jelly
 20634 | Lair:6   | Entered Level 6 of the Lair of Beasts
 20882 | Lair:6   | Gained mutation: Your tail ends in a poisonous barb. [Green Draconian growth]
 20882 | Lair:6   | Reached XP level 14. HP: 107/124 MP: 22/25
 21139 | Lair:6   | Identified the Almanac of Black Rituals and Self-Knowledge
 21383 | Lair:6   | HP: 3/125 [death yak (14)]
 21411 | Lair:6   | Slain by a death yak

Skill      XL: |  1  2  3  4  5  6  7  8  9 10 11 12 13 |
---------------+----------------------------------------+-----
Fighting       | 2 3 5 6 8 10 11 10 11 | 11.7
Unarmed Combat | 4 5 7 8 9 10 11 12 12 13 | 13.3
Transmutations | 3 5 4 6 8 9 10 10 11 | 11.9
Spellcasting   | 4 5 7 |  7.7
Dodging        | 3 4 6 |  6.7

Action                   |  1- 3 |  4- 6 |  7- 9 | 10-12 | 13-15 || total
-------------------------+-------+-------+-------+-------+-------++-------
Melee: Unarmed           |   112 |   332 |   407 |   743 |   536 ||  2130
       Headbutt          |     9 |    30 |    32 |    81 |    58 ||   210
       Tailslap          |     9 |    38 |    44 |    91 |    81 ||   263
       Kick              |     5 |    27 |    54 |     4 |       ||    90
       Punch             |     2 |     2 |    15 |    37 |    31 ||    87
 Cast: Beastly Appendage |    23 |    51 |    53 |    65 |    24 ||   216
       Sticks to Snakes  |       |     3 |     1 |    82 |    16 ||   102
       Spider Form       |       |     1 |       |     1 |       ||     2
       Blade Hands       |       |       |     1 |    33 |    20 ||    54
Invok: Sacrifice Experie |       |     1 |       |       |       ||     1
       Sacrifice Purity  |       |       |     1 |       |       ||     1
       Sacrifice Stealth |       |       |       |     1 |       ||     1
       Sacrifice Words   |       |       |       |     1 |       ||     1
       Sacrifice Arcana  |       |       |       |     1 |       ||     1
       Sacrifice Skill   |       |       |       |     1 |       ||     1
 Abil: Breathe Noxious F |       |     4 |    10 |     3 |       ||    17
       End Transformatio |       |       |       |       |     2 ||     2
Evoke: Wand              |       |       |       |       |     6 ||     6
  Use: Scroll            |       |     8 |     1 |     9 |     3 ||    21
       Potion            |       |     5 |     3 |    11 |     5 ||    24
 Stab: Distracted        |       |     3 |     1 |     3 |     6 ||    13
       Confused          |       |     2 |       |       |       ||     2
       Sleeping          |       |     1 |       |       |       ||     1
       Invisible         |       |       |       |     8 |     7 ||    15
       Paralysed         |       |       |       |     2 |    10 ||    12
  Eat: Chunk             |     4 |    16 |    17 |    37 |    18 ||    92
       Fruit             |       |     3 |     3 |     7 |     1 ||    14
       Royal jelly       |       |       |       |     1 |       ||     1
       Beef jerky        |       |       |       |     1 |       ||     1
Armor: Skin              |    32 |    99 |   139 |   272 |   168 ||   710
Dodge: Dodged            |    88 |   203 |   211 |   491 |   337 ||  1330
